 Dungeon Crawl Stone Soup version 0.28-a0-724-g66f9036eb4 (webtiles) character file.

Game seed: 5848179599015487469

1425 flotson the Skirmisher (level 8, -2/62 HPs)
             Began as a Demonspawn Delver on Oct 26, 2021.
             Was an Initiate of Gozag.
             Slain by an orc warrior (3 damage)
             ... on level 6 of the Dungeon.
             The game lasted 00:08:02 (7715 turns).

flotson the Skirmisher (Demonspawn Delver)          Turns: 7715, Time: 00:08:32

Health: -2/62      AC:  8    Str: 15    XL:     8   Next: 44%
Magic:  8/8        EV: 13    Int: 12    God:    Gozag
Gold:   361        SH:  0    Dex: 14    Spells: 7/7 levels left

rFire   . . .      SeeInvis .   z - +0 morningstar
rCold   + . .      Faith    .   (no shield)
rNeg    . . .      Spirit   .   A - +3 leather armour {rC+}
rPois   .          Reflect  .   (no helmet)
rElec   .          Harm     .   (no cloak)
rCorr   .          Rampage  .   (no gloves)
Will    .....                   (no boots)
Stlth   ++........              (no amulet)
HPRegen 0.20/turn               n - ring of flight
MPRegen 0.11/turn               (no ring)

@: gold aura, flying
A: claws 1, molten scales 1, demonic guardian 1, ignite blood 1
a: Renounce Religion, Potion Petition, Call Merchant, Bribe Branch


You were on level 6 of the Dungeon.
You worshipped Gozag.
Gozag was aware of your devotion.
You visited 2 branches of the dungeon, and saw 7 of its levels.

You collected 467 gold pieces.
You paid 106 gold pieces to Gozag.

Inventory:

Hand Weapons
 a - a +0 hand axe
 p - a +0 trident
 z - a +0 morningstar (weapon)
Missiles
 j - 18 poisoned darts (quivered)
 r - 2 throwing nets
 t - 5 boomerangs
 C - 4 silver boomerangs
Armour
 u - a +2 chain mail of cold resistance
 A - a +3 leather armour of cold resistance (worn)
Jewellery
 i - a ring of fire
 n - a ring of flight (left claw)
Wands
 g - a wand of digging (3)
 h - a wand of flame (12)
 l - a wand of polymorph (8)
 m - a wand of iceblast (6)
Scrolls
 b - 3 scrolls of teleportation {unknown}
 c - 2 scrolls of fog
 d - 3 scrolls of magic mapping
 e - a scroll of fear
 k - 4 scrolls of identify {unknown}
 o - 2 scrolls of blinking {unknown}
 y - 2 scrolls of enchant weapon {unknown}
 B - a scroll of summoning {unknown}
 E - a scroll of enchant armour {unknown}
Potions
 f - a potion of haste
 q - a potion of lignification {unknown}
 s - a potion of brilliance {unknown}
 v - a potion of might {unknown}
 w - 2 potions of heal wounds {unknown}
 x - 2 potions of curing {unknown}
 D - a potion of attraction {unknown}
 F - a potion of invisibility {unknown}
 G - a potion of flight {unknown}


   Skills:
 + Level 5.2 Fighting
 + Level 4.2 Axes
 + Level 3.7 Throwing
 + Level 3.8 Armour
 + Level 4.2 Dodging
 - Level 4.5 Stealth
 + Level 3.4 Evocations


You had 7 spell levels left.
You didn't know any spells.
Your spell library contained the following spells:

 Spells                   Type           Power      Damage    Failure   Level
 Corpse Rot               Necr/Air       0%         N/A       52%         2
 Poisonous Vapours        Pois/Air       0%         N/A       52%         2
 Call Canine Familiar     Summ           0%         N/A       77%         3
 Conjure Flame            Conj/Fire      0%         6-21      77%         3
 Ignite Poison            Fire/Tmut/Pois 0%         N/A       77%         3
 Portal Projectile        Hex/Tloc       0%         N/A       77%         3
 Leda's Liquefaction      Hex/Erth       0%         N/A       99%         4
 Sticky Flame             Conj/Fire      0%         2d3       99%         4


Dungeon Overview and Level Annotations

Branches:
Dungeon (6/15)             Temple (1/1) D:6

Altars:
Ashenzari
Cheibriados
Dithmenos
Elyvilon
Fedhas
Gozag
Makhleb
Nemelex Xobeh
Ru
Sif Muna
Wu Jian
Xom
Yredelemnul
The Shining One


Innate Abilities, Weirdness & Mutations

You have sharp fingernails.
You are partially covered in molten scales. (AC +2)
A weak demonic guardian rushes to your aid.
Your demonic aura sometimes causes spilled blood to erupt in flames.


Message History

The orc misses you.
The orc warrior hits you from afar with a +2 trident of flaming!
The orc warrior burns you. The white imp misses you.
The orc is engulfed in blazing flames.
You kill the orc!
You closely miss the white imp. The orc warrior misses you.
The white imp gestures at you. The puff of frost hits you. You resist.
You hear a sizzling sound!
The orc closely misses you.
The orc warrior hits you from afar with a +2 trident of flaming!
The orc warrior burns you. The white imp barely misses you.
You are too injured to fight recklessly!
Unknown command.
You are too injured to fight recklessly!
Unknown command.
You are too injured to fight recklessly!
You closely miss the white imp. The orc misses you. The orc warrior misses you.
The white imp barely misses you.
You hit the white imp but do no damage. The orc closely misses you.
The orc warrior hits you from afar with a +2 trident of flaming!
The orc warrior burns you.
* * * LOW HITPOINT WARNING * * *
The white imp closely misses you. The orc hits you with a +0 whip.
* * * LOW HITPOINT WARNING * * *
The orc barely misses you.
You sock the white imp!
The white imp is severely wounded.
The orc warrior barely misses you. The white imp closely misses you.
The orc closely misses you. The orc barely misses you.
The orc warrior barely misses you.
The white imp hits you but does no damage.
You hit the white imp.
The white imp is almost dead.
The orc barely misses you. The orc misses you.
The orc warrior hits you from afar with a +2 trident of flaming!
* * * LOW HITPOINT WARNING * * *
A demonic guardian appears!
The orc warrior burns you.
You die...
Your body crumbles into a pile of gold.

########## #######........# ##
###.....#....)...####.
.......'.............
......#..#####......
####.....##.## #......
......o.##..# #......
#.###.5oo.###.##########
....'..@..'.....)......>
#.###...5.#...#########.
#.........#..........##.
######..####..........##.
#........................
#.#..≈≈≈≈≈≈≈.............
#########.##...≈≈≈≈≈≈..#..#......
......#...##.8...._≈≈..##.######+
#####.#.####...≈≈≈≈≈≈..##.# #.


You could see an orc warrior, a white imp (ally target), 2 orcs and a friendly
shadow imp (summoned).

Vanquished Creatures
  A wyvern (D:5)
  A steam dragon (D:6)
  Menkaure (D:6)
  A water moccasin (D:5)
  A necrophage (D:6)
  3 ogres (D:6)
  A centaur (D:6)
  A phantom (D:6)
  A water moccasin zombie (D:5)
  3 jellies
  An orc priest (D:2)
  A bullfrog skeleton (D:4)
  A killer bee zombie (D:6)
  A hound skeleton (D:4)
  3 adders
  A shadow imp (D:6)
  A white imp (D:6)
  An adder skeleton (D:4)
  A worm (D:5)
  2 dart slugs
  7 orcs
  3 ball pythons
  7 endoplasms
  4 giant cockroaches
  12 goblins
  4 hobgoblins
  An iguana (D:3)
  3 jackals (D:1)
  5 kobolds
  5 quokkas
  2 bats
  2 frilled lizards
  A rat (D:3)
83 creatures vanquished.

Vanquished Creatures (collateral kills)
  An ogre (D:3)
  An orc (D:2)
  A hobgoblin (D:1)
  A jackal (D:1)
  A quokka (D:4)
  A bat (D:2)
6 creatures vanquished.

Vanquished Creatures (others)
  5 plants (D:1)
5 creatures vanquished.

Grand Total: 94 creatures vanquished

Notes
Turn   | Place    | Note
-------+----------+-------------------------------------------
     0 | D:5      | flotson the Demonspawn Delver began the quest for the Orb.
     0 | D:5      | Reached XP level 1. HP: 18/18 MP: 1/1
   285 | D:4      | Noticed a jelly
   834 | D:1      | Found a faded altar of an unknown god.
   922 | D:1      | Gained mutation: A weak demonic guardian rushes to your
                  | aid. [demonic ancestry]
   922 | D:1      | Reached XP level 2. HP: 18/24 MP: 2/2
  1974 | D:2      | Gained mutation: Your demonic aura sometimes causes spilled
                  | blood to erupt in flames. [demonic ancestry]
  1974 | D:2      | Reached XP level 3. HP: 27/29 MP: 3/3
  1985 | D:2      | Reached skill level 1 in Armour
  2347 | D:3      | Found an ornate altar of the Wu Jian Council.
  2353 | D:3      | Noticed an ogre
  2367 | D:3      | HP: 1/29 [ogre (24)]
  2371 | D:3      | Killed an ogre
  2372 | D:3      | Reached skill level 1 in Throwing
  2372 | D:3      | Gained mutation: You have sharp fingernails. [demonic
                  | ancestry]
  2372 | D:3      | Reached XP level 4. HP: 2/36 MP: 4/4
  2747 | D:3      | Found a shimmering altar of Xom.
  2760 | D:3      | Reached XP level 5. HP: 35/42 MP: 5/5
  2970 | D:3      | Found a broken altar of Ashenzari.
  3513 | D:3      | Reached skill level 1 in Evocations
  4492 | D:4      | Gained mutation: You are partially covered in molten
                  | scales. (AC +2) [demonic ancestry]
  4492 | D:4      | Reached XP level 6. HP: 48/48 MP: 6/6
  4598 | D:4      | Reached skill level 4 in Fighting
  5242 | D:4      | Found Geda's Assorted Antiques.
  5746 | D:5      | Noticed a wyvern
  5758 | D:5      | Killed a wyvern
  5759 | D:5      | Reached XP level 7. HP: 5/55 MP: 7/7
  6211 | D:6      | Noticed a steam dragon
  6381 | D:6      | Found a shadowy altar of Dithmenos.
  6656 | D:6      | Noticed Menkaure
  6657 | D:6      | Found a staircase to the Ecumenical Temple.
  6664 | D:6      | Killed Menkaure
  6665 | D:6      | Reached XP level 8. HP: 50/61 MP: 8/8
  6673 | Temple   | Entered the Ecumenical Temple
  7015 | Temple   | Became a worshipper of Gozag Ym Sagoz the Greedy
  7202 | D:6      | Reached skill level 5 in Fighting
  7715 | D:6      | HP: 1/62 [orc warrior (15)]
  7715 | D:6      | Slain by an orc warrior

Illustrated notes

Levels and vault maps discovered:
D:1:      amcnicky_arrival_abandoned_market, layout_basic,
          shapermc_ecumenical_altar_ellora, serial_forest,
          infiniplex_forest_straight_1, infiniplex_forest_split,
          infiniplex_forest_clump_medium, infiniplex_forest_lined_2,
          infiniplex_forest_clump_diagonal
D:2:      layout_loops_ring
D:3:      layout_loops_ring, nicolae_wu_jian_wuxing_cycle,
          cheibrodos_ashenzari_chains, dk_xom_monty_hall
D:4:      layout_basic, nicolae_tso_swordbearing_angel, serial_shops,
          kennysheep_mini
D:5:      layout_cave_pools
D:6:      layout_basic, grunt_temple_overflow_bloody_war,
          mainiacjoe_overflow_catwalk, minmay_temple_entry_statues_pillars,
          minmay_ogre_servants, uniq_duvessa, uniq_menkaure
Temple:   compressed_dpeg_triangle_lava_temple

Skill      XL: |  1  2  3  4  5  6  7  8 |
---------------+-------------------------+-----
Axes           | 2 3 4 |  4.2
Dodging        | 2 3 4 |  4.2
Armour         | 1 2 3 |  3.8
Throwing       | 1 2 3 |  3.7
Evocations     | 1 2 3 |  3.4
Fighting       | 4 5 |  5.2
Stealth        | |  4.5

Action                   |  1- 3 |  4- 6 |  7- 9 || total
-------------------------+-------+-------+-------++-------
Melee: Hand axe          |    85 |       |       ||    85
       Trident           |    53 |    51 |       ||   104
       Morningstar       |       |    80 |    77 ||   157
Throw: Dart              |       |     2 |    17 ||    19
Evoke: Wand              |       |     2 |       ||     2
 Stab: Sleeping          |     7 |     7 |     1 ||    15
Armor: Ring mail         |    71 |       |       ||    71
       Leather armour    |     4 |    26 |    32 ||    62
       Chain mail        |       |    51 |       ||    51
Dodge: Dodged            |   106 |    70 |    80 ||   256

Table legend: (Time is in decaauts)
 A = Elapsed time spent in this place.
 B = Non-inter-level travel time spent in this place.
 C = Inter-level travel time spent in this place.
 D = Time resting spent in this place.
 E = Time spent auto-exploring this place.
 F = Levels seen in this place.
 G = Mean time per level.
                   A        B        C        D        E       F      G
               +--------+--------+--------+--------+--------+-----+--------+
         Total |   7821 |   7577 |    244 |    188 |   6314 |   7 | 1117.3 |
       Dungeon |   7463 |   7255 |    208 |    188 |   6000 |   6 | 1243.8 |
        Temple |    357 |    322 |     35 |      0 |    314 |   1 |  357.0 |
               +--------+--------+--------+--------+--------+-----+--------+

Top non-repeatable levels by time:
     D:3: 1623 daAuts
     D:4: 1458 daAuts
     D:1: 1305 daAuts
     D:6: 1146 daAuts
     D:5: 1048 daAuts
     D:2: 881 daAuts
  Temple: 357 daAuts
